 Dungeon Crawl Stone Soup version 0.29-a0-275-g389c0b56f3 (webtiles) character file.

Game seed: 7301115938865828009

762 sokol815 the Sneak (level 7, -2/41 HPs)
             Began as an Octopode Air Elementalist on Mar 10, 2022.
             Shot with a bolt by a centaur (14 damage)
             ... on level 5 of the Dungeon.
             The game lasted 00:19:57 (6587 turns).

sokol815 the Sneak (Octopode Air Elementalist)      Turns: 6587, Time: 00:19:58

Health: -2/41      AC:  1    Str:  7    XL:     7   Next: 81%
Magic:  2/10       EV: 12    Int: 19    God:
Gold:   220        SH:  4    Dex: 13    Spells: 2/10 levels left

rFire   . . .      SeeInvis .   a - +1 short sword (elec)
rCold   . . .      Faith    .   l - +0 buckler
rNeg    . . .      Spirit   .   (helmet restricted)
rPois   .          Reflect  .   (no amulet)
rElec   .          Harm     .   (no ring)
rCorr   .          Rampage  .   (no ring)
Will    .....                   (no ring)
Stlth   ++++......              (no ring)
HPRegen 0.13/turn               (no ring)
MPRegen 0.12/turn               (no ring)
                                (no ring)
                                (no ring)

@: no status effects
A: almost no armour, amphibious, 8 rings, camouflage 1, gelatinous body 1,
(nimble swimmer 1), tentacles
a: no special abilities


You were on level 5 of the Dungeon.
You visited 1 branch of the dungeon, and saw 5 of its levels.
You also visited: Sewer.

You collected 220 gold pieces.

Inventory:

Hand Weapons
 a - a +1 short sword of electrocution (weapon)
   (You took it off an orc on level 4 of the Dungeon)
 b - a +2 dagger of venom
   (You took it off a goblin on level 4 of the Dungeon)
 i - a +0 longbow
   (You found it on level 2 of the Dungeon)
 m - a +0 hunting sling
   (You took it off a goblin on level 3 of the Dungeon)
 p - a +2 flail of holy wrath
   (You took it off an orc on level 5 of the Dungeon)
Missiles
 f - 12 poisoned darts
 k - 3 boomerangs
 s - 165 stones (quivered)
Armour
 l - a +0 buckler (worn)
   (You found it on level 4 of the Dungeon)
Magical Staves
 c - a staff of cold {rC+}
   (You found it on level 4 of the Dungeon)
Wands
 q - a wand of flame (29)
   (You took it off Robin on level 3 of the Dungeon)
Scrolls
 d - 2 scrolls of torment {!r}
 g - 2 scrolls of enchant armour
 h - a scroll of fog
 j - a scroll of magic mapping {unknown}
 D - 4 scrolls of blinking {!r}
 E - a scroll of fear
 O - a scroll of silence
Potions
 e - 2 potions of resistance
 n - a potion of attraction {!q}
 o - a potion of curing {unknown}
 M - a potion of magic
 N - a potion of heal wounds {@q2}
 U - 4 potions of mutation {!q}


   Skills:
 + Level 2.4 Short Blades
 - Level 2.0 Dodging
 + Level 5.1 Stealth
 + Level 1.0 Shields
 - Level 2.0 Spellcasting
 - Level 5.0 Conjurations
 - Level 5.0 Air Magic
 * Level 2.8 Earth Magic


You had 2 spell levels left.
You knew the following spells:

 Your Spells              Type           Power      Damage    Failure   Level
a - Shock                 Conj/Air       80%        1d8       3%          1
b - Static Discharge      Conj/Air       20%        N/A       4%          2
z - Lee's Rapid Deconstr  Erth           6%         3d7*      89%         5

Your spell library contained the following spells:

 Spells                   Type           Power      Damage    Failure   Level
 Swiftness                Air            20%        N/A       9%          3
 Airstrike                Air            10%        N/A       28%         4
 Fulminant Prism          Conj/Hex       5%         3d7       63%         4
 Iskenderun's Mystic Bla  Conj/Tloc      11%        2d4       63%         4


Dungeon Overview and Level Annotations

Branches:
Dungeon (5/15)              Sewer (visited)
 Temple: D:4-7

Altars:
Ashenzari
Elyvilon
Qazlal
Ru

Annotations:
D:5 Menkaure


Innate Abilities, Weirdness & Mutations

You cannot wear most types of armour.
You are amphibious.
You can wear up to eight rings at the same time.
Your skin changes colour to match your surroundings (Stealth+).
Your rubbery body absorbs attacks. (AC +1, EV +1)
((You are camouflaged when in or above water. (Stealth+)))
You have tentacles for arms and can constrict up to eight enemies at once.


Message History

A kobold comes into view. It is wielding a +0 short sword.
You now have 9/10 mp.
Aim: a kobold, wielding a +0 short sword and quivering stones (wandering, hasn't noticed you, 64% to hit)
The zap misses the kobold.
The kobold shouts!
You now have 8/10 mp.
Aim: a kobold, wielding a +0 short sword and quivering stones (64% to hit)
The zap hits the kobold!
You kill the kobold!
The zap hits the hobgoblin.
You kill the hobgoblin!
You now have 7/10 mp.
You now have 220 gold pieces (gained 13).
Things that are here:
a +0 hunting sling; a +0 leather armour
s - 160 stones (gained 3)
You see here a +0 short sword.
MP restored: 10
There is an open door here.
s - 165 stones (gained 5)
You see here a +0 short sword.
There is an open door here.
You see here a hobgoblin corpse.
You see here a +0 short sword.
There is an open door here.
You open the door.
An orc comes into view. It is wielding a +0 club.
The zap hits the orc!
You kill the orc!
You hear a shout!
A goblin comes into view. It is wielding a +0 club.
You now have 9/10 mp.
The zap hits the goblin!
You kill the goblin!
You now have 8/10 mp.
There is an open door here.
You see here a +0 leather armour.
Things that are here:
a +0 club; a +0 club; an orc corpse; MP restored: 10 You see here a +0 leather armour.
There is an open door here.
An orc comes into view. It is wielding a +0 morningstar.
Aim: an orc, wielding a +0 morningstar (wandering, hasn't noticed you, 71% to hit)
The zap hits the orc!
You kill the orc!
You now have 9/10 mp.
Menkaure, Prince of Dust comes into view.
MP restored: 10 You see here a +0 hand axe.
A black bear comes into view.
Aim: a black bear (wandering, hasn't noticed you, 79% to hit)
The zap hits the black bear.
You now have 9/10 mp.
Aim: a black bear (lightly wounded, 79% to hit)
The zap hits the black bear.
You now have 8/10 mp.
Aim: a black bear (lightly wounded, 79% to hit)
The zap misses the black bear.
You now have 7/10 mp.
Aim: a black bear (lightly wounded, 79% to hit)
The zap hits the black bear!
You now have 6/10 mp.
Aim: a black bear (heavily wounded, 79% to hit)
The zap hits the black bear.
You now have 5/10 mp.
Aim: a black bear (severely wounded, 79% to hit)
The zap misses the black bear.
You now have 4/10 mp.
You hit the black bear. You grab the black bear. You constrict the black bear.
The black bear goes berserk!
The black bear bites you! You block the black bear's attack.
The black bear barely misses you.
You take 9 damage, and have 32/41 hp.
MASSIVE DAMAGE!!
You hit the black bear.
Lightning courses through the black bear!
You kill the black bear!
Training target 5.0 for Air Magic reached!
Your Stealth skill increases to level 5!
Your Shields skill increases to level 1!
Your Air Magic skill increases to level 5!
You start resting.
A centaur is nearby!
Aim: a centaur, wielding a +0 arbalest and quivering stones (wandering, hasn't noticed you, 83% to hit)
The zap hits the centaur!
The centaur shouts!
The centaur shoots a bolt.
The bolt hits you!
The centaur shoots a bolt.
The bolt closely misses you.
Unknown command.
You take 7 damage, and have 25/41 hp.
You now have 4/10 mp.
Aim: a centaur, wielding a +0 arbalest and quivering stones (heavily wounded, 83% to hit)
The zap hits the centaur!
The centaur shoots a bolt.
The bolt closely misses you.
You now have 3/10 mp.
Aim: a centaur, wielding a +0 arbalest and quivering stones (almost dead, 83% to hit)
The zap hits the centaur but does no damage.
The centaur shoots a bolt.
The bolt hits you!
* * * LOW HITPOINT WARNING * * *
The centaur shoots a bolt.
The bolt hits you!
You die...

.............####.......
#........................
#........................
............)......)......
#.............>..)........
.........................
.........................
#.................##...
#....†@.>..#...........
!..##........########...###
........#<.....# #...
.o....##...#.#...# #..
.....##....#.#...#
.................#
..#..#...........#
....#.c#####...### ... #.#
#..#


You could see a centaur.

Vanquished Creatures
  A black bear (D:5)
  An ogre (D:4)
  A bullfrog (Sewer)
  A scorpion (D:4)
  A hound (D:5)
  A jelly (D:4)
  Natasha (twice) (D:3)
  4 iguanas
  Robin (D:3)
  A gnoll (D:4)
  5 adders
  2 river rats (D:4)
  2 ufetubi (D:4)
  4 dart slugs
  14 orcs
  20 endoplasms
  11 giant cockroaches
  13 goblins
  11 hobgoblins
  6 quokkas
  14 ball pythons
  4 bats
  10 frilled lizards
  13 kobolds
  9 rats
152 creatures vanquished.

Vanquished Creatures (others)
  2 plants
2 creatures vanquished.

Grand Total: 154 creatures vanquished

Notes
Turn   | Place    | Note
-------+----------+-------------------------------------------
     0 | D:1      | sokol815 the Octopode Air Elementalist began the quest for
                  | the Orb.
     0 | D:1      | Reached XP level 1. HP: 11/11 MP: 3/3
   379 | D:1      | You fall into a shaft and drop 1 floor!
   513 | D:1      | Reached XP level 2. HP: 17/17 MP: 1/5
   766 | D:1      | Found a faded altar of an unknown god.
   792 | D:1      | Reached skill level 2 in Conjurations
  1045 | D:1      | Reached XP level 3. HP: 19/21 MP: 2/6
  1332 | D:2      | Found a sacrificial altar of Ru.
  1957 | D:3      | Found a white marble altar of Elyvilon.
  2322 | D:3      | Noticed Robin
  2326 | D:3      | Reached skill level 3 in Conjurations
  2329 | D:3      | Killed Robin
  2330 | D:3      | Reached XP level 4. HP: 27/27 MP: 0/7
  2429 | D:3      | Found a faded altar of an unknown god.
  3043 | D:3      | Found a stormy altar of Qazlal.
  3075 | D:3      | Noticed Natasha
  3080 | D:3      | Killed Natasha
  3125 | D:3      | Noticed Natasha
  3143 | D:3      | Killed Natasha
  3144 | D:3      | Reached skill level 4 in Air Magic
  3144 | D:3      | Reached XP level 5. HP: 12/31 MP: 3/8
  3366 | D:4      | Noticed an ogre
  3383 | D:4      | Reached skill level 4 in Conjurations
  3473 | D:4      | Found a glowing drain.
  3477 | D:4      | Reached skill level 3 in Stealth
  3508 | Sewer    | Entered a sewer
  3579 | Sewer    | Learned a level 2 spell: Static Discharge
  3871 | Sewer    | Reached XP level 6. HP: 36/36 MP: 7/9
  4015 | Sewer    | Reached skill level 1 in Short Blades
  4419 | D:4      | Learned a level 5 spell: Lee's Rapid Deconstruction
  4812 | D:4      | Reached skill level 4 in Stealth
  5302 | D:4      | Reached skill level 1 in Earth Magic
  5302 | D:4      | Reached XP level 7. HP: 41/41 MP: 1/10
  5501 | D:4      | Found a broken altar of Ashenzari.
  5510 | D:4      | Reached skill level 2 in Short Blades
  5581 | D:4      | HP: 8/41 [scorpion (8)]
  5900 | D:4      | Reached skill level 2 in Earth Magic
  6158 | D:5      | Entered Level 5 of the Dungeon
  6234 | D:5      | Reached skill level 5 in Conjurations
  6550 | D:5      | Noticed Menkaure
  6582 | D:5      | Reached skill level 5 in Stealth
  6582 | D:5      | Reached skill level 1 in Shields
  6582 | D:5      | Reached skill level 5 in Air Magic
  6587 | D:5      | Shot with a bolt by a centaur

Illustrated notes

Levels and vault maps discovered:
D:1:      giann_wishing_wells, layout_loops_ring,
          shapermc_ecumenical_altar_mp_urbaneastern, nrook_mini_vaults,
          nrook_campfire, hex_medium
D:2:      layout_basic, basic_altar
D:3:      layout_loops_ring, mainiacjoe_overflow_small_starburst,
          nicolae_overflow_ecumenical_swirl, uniq_natasha, uniq_robin
D:4:      kennysheep_six_static_rooms, layout_basic, portal_sewer_entry_a,
          minmay_ruined_shrine
D:5:      corexii_shack_village, layout_rooms, serial_shops,
          nicolae_take_the_stairs, uniq_duvessa, uniq_crazy_yiuf_cottage,
          uniq_menkaure

Skill      XL: |  1  2  3  4  5  6  7 |
---------------+----------------------+-----
Conjurations   | 2 3 4 5 |  5.0
Air Magic      | 4 5 |  5.0
Stealth        | 3 4 5 |  5.1
Short Blades   | 1 2 |  2.4
Earth Magic    | 1 2 |  2.8
Shields        | 1 |  1.0
Dodging        | |  2.0
Spellcasting   | |  2.0

Action                   |  1- 3 |  4- 6 |  7- 9 || total
-------------------------+-------+-------+-------++-------
Melee: Dagger            |     7 |    32 |    10 ||    49
       Tentacles         |     4 |     5 |     4 ||    13
       Constrict         |     2 |     9 |     4 ||    15
       Unarmed           |     1 |       |       ||     1
       Punch             |       |     1 |       ||     1
       Short sword       |       |       |     8 ||     8
 Cast: Shock             |    71 |   141 |    69 ||   281
  Use: Scroll            |     4 |     9 |     1 ||    14
       Potion            |       |     2 |     1 ||     3
 Stab: Sleeping          |       |       |     1 ||     1
Armor: Skin              |     3 |     3 |     1 ||     7
Dodge: Dodged            |     8 |    20 |     8 ||    36
Block: Buckler           |       |       |     1 ||     1

Table legend: (Time is in decaauts)
 A = Elapsed time spent in this place.
 B = Non-inter-level travel time spent in this place.
 C = Inter-level travel time spent in this place.
 D = Time resting spent in this place.
 E = Time spent auto-exploring this place.
 F = Levels seen in this place.
 G = Mean time per level.
                   A        B        C        D        E       F      G
               +--------+--------+--------+--------+--------+-----+--------+
         Total |   6574 |   6433 |    141 |   2168 |   3291 |   6 | 1095.7 |
       Dungeon |   5671 |   5530 |    141 |   1669 |   3014 |   5 | 1134.2 |
         Sewer |    903 |    903 |      0 |    499 |    277 |   1 |  903.0 |
               +--------+--------+--------+--------+--------+-----+--------+

Top non-repeatable levels by time:
     D:4: 1785 daAuts
     D:3: 1481 daAuts
     D:1: 1216 daAuts
   Sewer: 903 daAuts
     D:2: 816 daAuts
     D:5: 370 daAuts

Table legend:
 A = Kills in this place as a percentage of kills in entire the game.
 B = Kills by you in this place as a percentage of kills by you in the entire game.
 C = Kills by friends in this place as a percentage of kills by friends in the entire game.
 D = Other kills in this place as a percentage of other kills in the entire game.
 E = Experience gained in this place as a percentage of experience gained in the entire game.
 F = Experience gained in this place divided by the number of levels of this place that you have seen.
                   A       B       C       D       E      F
               +-------+-------+-------+-------+-------+----------------------
         Total | 100.0 | 100.0 |   N/A |   N/A | 100.0 | 181.5
       Dungeon |  74.3 |  74.3 |   N/A |   N/A |  83.7 | 182.4
         Sewer |  25.7 |  25.7 |   N/A |   N/A |  16.3 | 177.0
               +-------+-------+-------+-------+-------+----------------------
